[Event "*** Qualifier 4: Titled Tuesday 3|2 Blitz"]
[Site "Chess.com"]
[Date "2017.04.25"]
[Round "10"]
[White "bugsbunny444"]
[Black "Rodalquilar"]
[Result "1/2-1/2"]
[WhiteElo "2374"]
[BlackElo "2529"]
[TimeControl "180+2"]
[EndTime "15:16:39 PDT"]
[Termination "Game drawn by repetition"]

1. Nf3 d5 2. c4 e6 3. g3 Nf6 4. Bg2 Be7 5. O-O O-O 6. b3 a5 7.
Nc3 c6 8. d4 b6 9. Qc2 Ba6 10.
Ne5 Nfd7 11. Rd1 Nxe5 12. dxe5 Qc7 13. Bb2 Nd7 14. Rac1 Rac8 15. Qd2 Qb8 16. f4 Rfd8 17. cxd5 cxd5 18. e3 Nc5 19. Bf1 Bb7 20. Nb5 Ne4 21. Qe2 Rxc1 22. Rxc1 Rc8 23. Qd1 Bc6 24. Bd4 Bc5 25.
a4 g6 26. Bd3 Bxb5 27. axb5 Bxd4 28. exd4 Rc7 29. Rc6 Rxc6 30. bxc6 Qc7 31. Bxe4 dxe4 32. d5 exd5 33. Qxd5 b5 34. Qd7 Qb6+ 35. Kg2 Qe3 36.
c7 Qe2+ 37. Kg1 Qe1+ 38. Kg2 Qe2+ 39. Kg1 Qe3+ 40. Kf1 Qf3+ 41. Ke1 Qe3+ 42. Kd1 Qxb3+ 43. Ke2 Qf3+ 44. Ke1 Qh1+ 45. Ke2 Qxh2+ 46. Kd1 Qg1+ 47. Kc2 Qc5+ 48. Kd1 Qg1+ 49. Kc2 Qf2+ 50. Kd1 Qf3+ 51. Kc2 Qe2+ 52. Kc1 Qc4+ 53. Kd1 Qb3+ 54. Ke2 Qf3+ 55. Ke1 Qxg3+ 56. Kd1 Qf3+ 57. Kc2 Qe2+ 58. Kb1 Qe1+ 59. Kc2 Qf2+ 60. Kb1 Qf1+ 61. Kc2 Qc4+ 62. Kb1 Qb4+ 63. Kc2 Qa4+ 64. Kb1 Qb3+ 65. Kc1 Qe3+ 66. Kb1 Qe1+ 67. Kc2 Qf2+ 68. Kb1 Qf1+ 69. Kc2 Qc4+ 70. Kb1 Qb3+ 71. Kc1 Qc4+ 72. Kb1 Qb4+ 73. Kc2 Qa4+ 74. Kb2 Qb4+ 75.
Kc2 Qc5+ 76. Kb2 Qf2+ 77. Kb1 Qf1+ 78. Kc2 Qe2+ 79. Kb1 Qe1+ 80. Kc2 Qe2+ 1/2-1/2